 Dungeon Crawl Stone Soup version 0.30-a0-1123-gabc949cf19 (webtiles) character file.

Game seed: 17703536412677331430

495 BlueFish the Sneak (level 7, -1/45 HPs)
             Began as an Octopode Artificer on Apr 22, 2023.
             Slain by an orc
             ... wielding a +0 trident
              (8 damage)
             ... on level 4 of the Dungeon.
             The game lasted 00:06:43 (3272 turns).

BlueFish the Sneak (Octopode Artificer)             Turns: 3272, Time: 00:06:44

Health: -1/45      AC:  1    Str: 19    XL:     7   Next: 15%
Magic:  7/7        EV: 14    Int: 14    God:
Gold:   173        SH:  0    Dex: 12    Spells: 6/6 levels left

rFire   . . .        a - +0 whip (elec)
rCold   + . .        (no shield)
rNeg    . . .        (helmet restricted)
rPois   .            (no amulet)
rElec   .            f - ring of protection from cold
rCorr   .            n - ring of willpower
SInv    .            w - +6 ring of strength
Will    +....        (no ring)
Stlth   ++++         (no ring)
HPRegen 0.27/turn    (no ring)
MPRegen 0.10/turn    (no ring)
                     (no ring)

%: no passive effects
@: no status effects
A: almost no armour, amphibious, 8 rings, camouflage 1, gelatinous body 1,
(nimble swimmer 1), tentacles
a: no special abilities


You were on level 4 of the Dungeon.
You visited 1 branch of the dungeon, and saw 7 of its levels.

You collected 173 gold pieces.

Inventory:

Hand Weapons
 a - a +0 whip of electrocution (weapon)
 l - a +0 club
Missiles
 g - 66 stones (quivered)
Jewellery
 f - a ring of protection from cold (left tentacle)
 n - a ring of willpower (right tentacle)
 w - a +6 ring of strength (on tentacle)
Wands
 b - a wand of flame (15)
 c - a wand of charming (15)
 d - a wand of iceblast (5)
Scrolls
 h - a scroll of blinking {unknown}
 i - a scroll of magic mapping
 m - a scroll of teleportation
 t - a scroll of fear {unknown}
 u - a scroll of vulnerability {unknown}
 x - a scroll of fog {unknown}
Potions
 e - 2 potions of magic
 j - 2 potions of attraction
 o - a potion of resistance
 p - a potion of berserk rage {unknown}
 q - a potion of curing {unknown}
 r - a potion of brilliance {unknown}
 s - 2 potions of heal wounds
 v - a potion of haste {unknown}


   Skills:
 + Level 2.9 Fighting
 + Level 2.6 Maces & Flails
 + Level 3.7 Dodging
 * Level 6.1 Stealth
 + Level 4.6 Evocations


You had 6 spell levels left.
You didn't know any spells.
Your spell library contained the following spells:

 Spells                   Type           Power      Damage    Failure   Level
 Apportation              Tloc           0%         N/A       28%         1
 Necrotise                Necr           0%         1d4       28%         1
 Summon Small Mammal      Summ           0%         N/A       28%         1


Dungeon Overview and Level Annotations

Branches:
Dungeon (7/15)
 Temple: D:4-7

Altars:
Dithmenos
Fedhas
Kikubaaqudgha
Trog

Shops:
D:4 ?

Annotations:
D:4 NinjaNoafa's ghost, amateur MiHu


Innate Abilities, Weirdness & Mutations

You cannot wear most types of armour.
You are amphibious.
You can wear up to eight rings at the same time.
Your skin changes colour to match your surroundings (Stealth+).
Your rubbery body absorbs attacks. (AC +1, EV +1)
((You are camouflaged when in or above water. (Stealth+)))
You have tentacles for arms and can constrict up to eight enemies at once.


Message History

You start waiting.
A quokka is nearby!
You miss the quokka. Your grab misses the quokka.
Your squeeze misses the quokka. The quokka bites you.
You hit the quokka. Your grab misses the quokka.
The quokka is moderately wounded.
The quokka closely misses you.
You completely miss the quokka. Your grab misses the quokka.
The quokka is moderately wounded.
The quokka barely misses you.
You hit the quokka. Your grab misses the quokka.
The quokka is heavily wounded.
The orc wizard gestures wildly while chanting.
The orc wizard flickers and vanishes!
Deactivating autopickup; reactivate with Ctrl-A.
The quokka barely misses you.
You hit the quokka. Your grab misses the quokka.
The quokka is heavily wounded.
The quokka barely misses you.
You closely miss the quokka. Your grab misses the quokka.
Your squeeze misses the quokka.
The quokka is heavily wounded.
The quokka bites you.
You barely miss something. The quokka bites you.
You hear some strange, mumbled words.
A magic dart appears from out of thin air!
The magic dart hits you! The orc misses you. The quokka bites you.
You hit something. The orc misses you. Something hits you but does no damage.
The quokka bites you.
You closely miss something. You squeeze something. The orc misses you.
Something hits you. The quokka closely misses you.
You barely miss something. The quokka closely misses you. Something hits you.
The orc barely misses you.
You barely miss something. The quokka bites you.
You hear some strange, mumbled words.
A magic dart appears from out of thin air!
The magic dart hits you!
* * * LOW HITPOINT WARNING * * *
The orc hits you from afar with a +0 trident!
You die...

###############
##.............####
###....# #.....†....#
#......# #..........#
#.oo..o###..........######
+......##@....#######.....
##.....###r{...# #)....
#....r.)..o....#######.....
#.##...##.!................
#...##......#######.....
#...##.############.....
#...##.#................
....##.#.###############
#....##.#.#####....## #


You could see an orc and a quokka.

Vanquished Creatures
  A phantom (D:6)
  A scorpion (D:4)
  2 orc priests
  An orc wizard (D:3)
  2 iguanas
  4 gnolls (D:3)
  10 adders
  3 worms
  A dart slug (D:2)
  9 orcs
  7 endoplasms
  4 giant cockroaches
  7 goblins
  6 hobgoblins
  3 quokkas
  4 ball pythons
  10 bats
  13 frilled lizards
  6 kobolds
  4 rats
98 creatures vanquished.

Vanquished Creatures (others)
  3 plants (D:1)
  5 toadstools (D:1)
8 creatures vanquished.

Grand Total: 106 creatures vanquished

Notes
Turn   | Place    | Note
-------+----------+-------------------------------------------
     0 | D:1      | BlueFish the Octopode Artificer began the quest for the
                  | Orb.
     0 | D:1      | Reached XP level 1. HP: 13/13 MP: 1/1
   147 | D:1      | Reached skill level 2 in Stealth
   147 | D:1      | Reached XP level 2. HP: 12/18 MP: 2/2
   532 | D:1      | Reached XP level 3. HP: 23/23 MP: 3/3
  1077 | D:2      | Found a faded altar of an unknown god.
  1148 | D:2      | Reached skill level 1 in Maces & Flails
  1148 | D:2      | Reached skill level 3 in Stealth
  1219 | D:2      | Reached XP level 4. HP: 13/28 MP: 4/4
  1780 | D:3      | Reached XP level 5. HP: 34/34 MP: 5/5
  1865 | D:3      | Reached skill level 4 in Stealth
  2029 | D:3      | Found a bloodstained altar of Trog.
  2030 | D:3      | Found an ancient bone altar of Kikubaaqudgha.
  2324 | D:3      | Found a blossoming altar of Fedhas.
  2451 | D:3      | Reached XP level 6. HP: 39/39 MP: 6/6
  2486 | D:3      | Reached skill level 5 in Stealth
  2844 | D:4      | Noticed NinjaNoafa's ghost (amateur MiHu)
  2854 | D:4      | You fall into a shaft and drop 3 floors!
  2867 | D:7      | Noticed a steam dragon
  2997 | D:6      | Found a shadowy altar of Dithmenos.
  3030 | D:5      | Entered Level 5 of the Dungeon
  3106 | D:4      | Found Reiduz's Magic Scroll Shop.
  3120 | D:4      | Reached skill level 6 in Stealth
  3120 | D:4      | Reached XP level 7. HP: 34/45 MP: 7/7
  3272 | D:4      | Slain by an orc

Illustrated notes

Levels and vault maps discovered:
D:1:      ldierk_walled_garden, layout_basic, corner_web_ring,
          minmay_misc_feat_room, chequers_serial_rivers_micro_b,
          minmay_lizard_king
D:2:      layout_basic, basic_ecumenical_altar
D:3:      layout_basic, fedhas_ov_isle_minmay, grunt_temple_overflow_open,
          nicolae_half_adder
D:4:      layout_basic, gammafunk_ghost_split, serial_shops,
          nicolae_shop_just_a_little_nook
D:5:      layout_loops_ring
D:6:      layout_loops_ring, nicolae_dithmenos_shadow_blocks,
          minmay_temple_entry_nine_rooms, grunt_decor_mini_mirrors,
          kennysheep_generic_room_9
D:7:      layout_loops_cross, uniq_duvessa

Skill      XL: |  1  2  3  4  5  6 |
---------------+-------------------+-----
Stealth        | 2 3 4 6 |  6.1
Maces & Flails | 1 2 |  2.6
Dodging        | 3 |  3.7
Fighting       | 2 |  2.9
Evocations     | 4 |  4.6

Action                     |  1- 3 |  4- 6 |  7- 9 || total
---------------------------+-------+-------+-------++-------
  Melee: Club              |    57 |       |       ||    57
         Constrict         |    29 |    25 |     2 ||    56
         Tentacles         |    13 |    22 |     2 ||    37
         Punch             |     1 |       |       ||     1
         Whip              |    44 |   108 |    17 ||   169
  Throw: Stone             |       |     1 |       ||     1
    Use: Scroll            |     1 |     5 |       ||     6
   Stab: Sleeping          |    15 |    16 |     1 ||    32
 Armour: Skin              |     6 |     7 |     2 ||    15
  Dodge: Dodged            |    70 |    56 |    13 ||   139

Table legend: (Time is in decaauts)
 A = Elapsed time spent in this place.
 B = Non-inter-level travel time spent in this place.
 C = Inter-level travel time spent in this place.
 D = Time resting spent in this place.
 E = Time spent auto-exploring this place.
 F = Levels seen in this place.
 G = Mean time per level.
                   A        B        C        D        E       F      G
               +--------+--------+--------+--------+--------+-----+--------+
         Total |   3288 |   3231 |     57 |    122 |   2275 |   7 |  469.7 |
       Dungeon |   3288 |   3231 |     57 |    122 |   2275 |   7 |  469.7 |
               +--------+--------+--------+--------+--------+-----+--------+

Top non-repeatable levels by time:
     D:1: 1050 daAuts
     D:3: 1012 daAuts
     D:2: 720 daAuts
     D:4: 306 daAuts
     D:6: 145 daAuts
     D:7: 29 daAuts
     D:5: 23 daAuts
